Map: New Repugnancy LE

Players

Reynor - Winner!

  • Race: Zerg Zerg
  • Spawn Location: 7:00

MarineLorD

  • Race: Terran Terran
  • Spawn Location: 1:00

Event: 2019 WCS Summer

VOD

Have the link to the VOD?

Description

Time

  • Played on: July 12, 2019, 2:23 p.m.
  • Length: 18:11

All games in this series

Show
View Real Time Build Order
Export as new Build Order

Reynor Zerg - Winner!

Build Orders: Pool First 

Get SALT Encoding   

  12  0:00  Drone  
  13  0:12  Overlord  
  13  0:17  Drone  
  14  0:30  Drone x2  
  16  0:40  Spawning Pool  
  15  0:44  Drone  
  15  0:47  Drone  
  17  1:08  Hatchery  
  16  1:12  Drone  
  17  1:27  Zergling x4  
  17  1:28  Zergling x2  
  17  1:30  Queen  
  22  1:33  Extractor  
  22  1:39  Overlord  
  21  1:49  Drone  
  22  2:01  Zergling x2  
  23  2:06  Queen  
  25  2:11  Zergling x2, Roach Warren  
  25  2:16  Extractor  
  25  2:22  Zergling x4  
  25  2:36  Drone  
  23  2:50  Roach x3  
  29  2:53  Roach  
  31  2:59  Roach  
  33  3:08  Overlord  
  33  3:14  Drone  
  33  3:16  Drone  
  35  3:21  Ravager  
  36  3:28  Drone  
  36  3:30  Ravager  
  38  3:34  Drone  
  38  3:38  Roach  
  40  3:44  Ravager  
  40  3:45  Drone  
  42  3:49  Drone  
  43  3:56  Overlord  
  43  4:02  Drone  
  42  4:03  Drone  
  43  4:10  Overlord  
  43  4:16  Drone x3  
  46  4:19  Drone  
  46  4:22  Drone  
  46  4:24  Drone  
  49  4:27  Drone  
  49  4:29  Drone  
  49  4:31  Drone  
  52  4:36  Drone  
  52  4:37  Drone  
  54  4:42  Drone  
  55  4:50  Spore Crawler  
  54  4:54  Spore Crawler  
  54  4:56  Drone x3  
  54  4:57  Lair  
  54  5:00  Queen  
  54  5:03  Drone  
  54  5:04  Drone  
  58  5:12  Drone  
  58  5:13  Overlord  
  58  5:14  Metabolic Boost, Extractor  
  57  5:27  Hatchery  
  57  5:28  Drone  
  57  5:31  Drone  
  57  5:32  Drone  
  57  5:33  Drone  
  57  5:35  Drone  
  61  5:36  Drone  
  62  5:43  Evolution Chamber  
  62  5:46  Overlord  
  61  5:55  Overseer  
  61  5:57  Overlord  
  61  6:01  Overseer  
  61  6:02  Overlord  
  61  6:03  Queen x2  
  65  6:05  Drone x2  
  65  6:09  Overlord  
  67  6:14  Zerg Ground Armor Level 1  
  67  6:15  Drone  
  67  6:16  Drone  
  69  6:22  Drone x2  
  69  6:25  Drone  
  70  6:27  Drone x3  
  70  6:30  Drone x2  
  75  6:33  Drone  
  75  6:35  Drone  
  75  6:36  Drone  
  75  6:39  Drone x2  
  80  6:43  Queen  
  82  6:48  Baneling Nest  
  82  6:52  Drone x3  
  84  6:56  Overlord  
  84  7:00  Drone  
  84  7:01  Extractor  
  84  7:02  Drone  
  84  7:05  Evolution Chamber  
  86  7:09  Drone  
  86  7:14  Glial Reconstitution  
  86  7:15  Roach x6  
  97  7:20  Overlord  
  97  7:25  Drone  
  97  7:26  Overlord  
  97  7:27  Extractor  
  97  7:32  Zerg Missile Weapons Level 1  
  97  7:33  Overlord  
  97  7:38  Drone x2  
  97  7:39  Roach  
  97  7:40  Roach x2  
  105  7:46  Hatchery  
  105  7:49  Drone x4  
  108  7:51  Drone x2  
  108  7:52  Extractor  
  108  7:55  Overlord  
  108  7:57  Centrifical Hooks  
  109  8:00  Zergling x10  
  109  8:02  Zergling x4  
  116  8:06  Roach  
  116  8:10  Zergling x4  
  116  8:12  Zergling x4  
  122  8:14  Overlord  
  122  8:18  Infestation Pit, Drone  
  122  8:20  Zerg Ground Armor Level 2  
  122  8:25  Zergling x6  
  124  8:35  Drone x7  
  131  8:41  Zergling x8  
  131  8:43  Overlord  
  131  8:44  Zergling x2  
  135  8:50  Zergling x2  
  135  8:53  Drone  
  135  8:55  Hive  
  136  8:56  Zergling x2  
  136  9:00  Infestor x2, Overlord x2  
  140  9:06  Drone x3, Queen  
  145  9:13  Ravager x2  
  145  9:15  Drone x3  
  150  9:21  Baneling  
  150  9:22  Baneling x4  
  150  9:24  Zergling x10  
  153  9:25  Zergling x2  
  153  9:27  Ravager x4  
  153  9:30  Hatchery  
  159  9:32  Zergling x10  
  159  9:34  Overlord  
  153  9:46  Drone x3  
  153  9:47  Drone  
  153  9:50  Zergling x12  
  152  9:54  Zergling x2  
  150  10:02  Extractor  
  150  10:05  Zergling x4, Roach x2  
  155  10:09  Zergling x4, Ultralisk Cavern  
  155  10:11  Adrenal Glands  
  155  10:13  Burrow  
  156  10:16  Zergling x4  
  156  10:18  Zergling x6  
  156  10:20  Zergling x4  
  159  10:24  Baneling x21  
  159  10:32  Zergling x20  
  159  10:35  Zergling x2, Roach x2  
  168  10:38  Zergling x4  
  168  10:44  Zerg Ground Armor Level 3  
  168  10:45  Overlord  
  168  10:50  Drone x5  
  168  10:51  Drone  
  168  10:54  Overlord  
  174  11:00  Chitinous Plating  
  173  11:04  Zerg Melee Weapons Level 1  
  173  11:12  Zergling x24, Ultralisk  
  173  11:17  Overlord  
  186  11:31  Overlord  
  186  11:32  Spore Crawler  
  185  11:33  Overlord  
  185  11:37  Zergling x2  
  185  11:38  Zergling x8  
  190  11:42  Baneling x6  
  190  11:43  Baneling  
  190  11:46  Baneling x12  
  189  11:57  Ultralisk x2  
  189  11:59  Baneling x2  
  189  12:00  Baneling x6  
  200  12:09  Extractor  
  200  12:11  Extractor x2  
  200  12:12  Spore Crawler x2  
  195  12:22  Zergling x42  
  199  12:23  Zergling x4  
  167  12:32  Zergling x6, Ultralisk x3  
  174  12:39  Zergling x2  
  174  12:40  Zergling x12  
  174  12:43  Viper  
  178  12:50  Baneling  
  178  12:51  Baneling x7  
  175  12:52  Drone x7  
  175  12:54  Baneling x3  
  182  12:58  Drone x2  
  182  12:59  Drone x2  
  182  13:05  Ultralisk  
  192  13:10  Viper  
  195  13:16  Zergling x10  
  200  13:23  Baneling x12  
  200  13:33  Baneling x10  
  200  13:37  Hatchery  
  200  13:38  Zergling x2  
  200  13:40  Anabolic Synthesis  
  200  13:44  Overseer x2  
  200  13:50  Pneumatized Carapace  
  199  13:56  Zergling x2  
  199  14:01  Zergling x10  
  198  14:14  Zerg Melee Weapons Level 2  
  198  14:17  Zergling x4  
  199  14:38  Zergling x2, Ultralisk x5  
  199  14:39  Zergling x12  
  199  14:42  Zergling x18  
  192  14:51  Zergling x26, Ultralisk  
  194  14:55  Spire  
  191  15:00  Ultralisk  
  191  15:01  Zergling x4  
  191  15:04  Baneling x5  
  191  15:05  Baneling  
  199  15:13  Zergling x2  
  200  15:15  Baneling x2  
  200  15:16  Baneling x8  
  200  15:25  Baneling x9  
  200  15:31  Zergling x2  
  200  15:36  Baneling x10  
  192  15:45  Zergling x26  
  173  15:54  Zergling x22  
  168  15:59  Overlord  
  168  16:07  Corruptor x8  
  168  16:10  Baneling x2  
  168  16:11  Baneling  
  184  16:15  Baneling  
  184  16:16  Baneling x4  
  184  16:21  Zergling x18  
  193  16:29  Ultralisk  
  193  16:32  Baneling x7  
  199  16:38  Greater Spire  
  197  16:48  Corruptor x2  
  200  16:55  Extractor  
  200  16:56  Extractor  
  173  17:09  Corruptor x4  
  173  17:10  Zergling x38  
  170  17:17  Zergling x4, Ultralisk  
  164  17:25  Zergling x8, Ultralisk  
  164  17:26  Zergling x2  
  173  17:30  Baneling x6  
  173  17:35  Baneling x5  
  173  17:37  Zergling x12  
  176  17:38  Baneling  
  179  17:46  Zergling x4  
  179  17:49  Baneling x4  
  187  17:53  Baneling x2  
  187  17:54  Baneling x2  
Show
View Real Time Build Order
Export as new Build Order

MarineLorD Terran 

Build Orders:  

Get SALT Encoding   

  12  0:00  SCV  
  13  0:12  SCV  
  14  0:17  Supply Depot  
  14  0:24  SCV  
  15  0:39  Barracks  
  15  0:50  Barracks  
  15  0:54  SCV  
  16  1:02  Refinery  
  16  1:06  SCV  
  17  1:18  SCV  
  18  1:26  Marine  
  18  1:30  Orbital Command  
  19  1:37  Marine  
  19  1:38  Supply Depot  
  20  1:44  Marine  
  21  1:55  Marine  
  21  2:01  Marine  
  22  2:12  Factory  
  22  2:13  Marine  
  23  2:17  Bunker  
  23  2:19  Marine  
  24  2:23  SCV  
  23  2:30  Marine  
  22  2:37  Marine  
  22  2:38  SCV  
  24  2:48  Marine  
  24  2:50  SCV  
  26  2:55  Factory Reactor, Marine  
  27  2:58  Supply Depot  
  27  3:00  Starport  
  27  3:02  SCV  
  28  3:12  Factory Tech Lab  
  26  3:14  Marine x2, SCV  
  29  3:26  Bunker, SCV  
  29  3:38  SCV  
  29  3:44  Banshee  
  31  3:58  SCV  
  31  4:07  Command Center  
  31  4:11  SCV  
  31  4:12  Refinery  
  32  4:25  SCV  
  32  4:27  Viking  
  35  4:37  SCV  
  35  4:38  Supply Depot  
  36  4:49  SCV  
  37  5:00  Command Center  
  37  5:01  SCV  
  37  5:05  Barracks Reactor, Barracks Tech Lab  
  37  5:06  Starport Reactor  
  38  5:12  Siege Tank  
  38  5:13  SCV  
  42  5:23  Orbital Command  
  42  5:25  SCV  
  43  5:34  Marine  
  43  5:35  Stimpack  
  44  5:37  SCV  
  44  5:42  Orbital Command  
  44  5:45  Marine  
  44  5:49  SCV  
  46  5:50  Siege Tank  
  46  5:52  Marine  
  50  5:59  Starport Reactor  
  50  6:02  SCV  
  50  6:03  Barracks  
  51  6:05  Refinery  
  51  6:09  SCV  
  51  6:10  Marine  
  53  6:14  SCV  
  53  6:15  Orbital Command  
  54  6:18  Marine  
  54  6:19  Marine  
  54  6:25  SCV  
  57  6:26  SCV  
  57  6:27  Marine  
  59  6:36  Marine x2  
  59  6:37  SCV  
  59  6:38  SCV, Medivac  
  65  6:40  Medivac  
  65  6:45  Marine, SCV  
  69  6:49  Refinery, SCV  
  69  6:50  Marine  
  69  6:51  Factory Reactor  
  72  6:55  Marine x2  
  72  6:56  Marine  
  76  7:03  Marine  
  76  7:04  Supply Depot  
  76  7:05  Supply Depot  
  75  7:08  Supply Depot  
  75  7:15  Engineering Bay, SCV x2  
  76  7:16  Engineering Bay  
  77  7:25  Marine x4, SCV  
  77  7:27  SCV  
  85  7:30  Widow Mine  
  85  7:31  Widow Mine  
  85  7:33  SCV  
  85  7:34  Marine  
  89  7:37  Combat Shield  
  89  7:42  Orbital Command  
  89  7:43  Marine x2  
  89  7:44  Marine  
  91  7:47  SCV x2  
  91  7:49  Terran Infantry Weapons Level 1  
  91  7:50  Terran Infantry Armor Level 1  
  94  7:55  Medivac  
  94  7:57  Medivac  
  98  7:59  SCV  
  98  8:03  Supply Depot  
  100  8:05  SCV, Supply Depot  
  100  8:09  SCV  
  101  8:24  Siege Tank, Marine x2, SCV x3  
  109  8:27  Marine x3  
  111  8:35  Medivac x2  
  111  8:37  SCV x2  
  111  8:40  Armory  
  117  8:49  Marine  
  117  8:51  Marine  
  117  8:53  Marine  
  117  9:04  Marine x2, Supply Depot  
  117  9:05  Siege Tank, Supply Depot  
  117  9:06  Supply Depot  
  117  9:07  Marine  
  117  9:09  Marine, Supply Depot  
  124  9:10  Supply Depot  
  124  9:11  Concussive Shells  
  124  9:13  Barracks  
  124  9:14  Barracks, Marine  
  125  9:20  Refinery  
  125  9:26  Marine x4, SCV x3  
  125  9:29  Missile Turret  
  132  9:32  Marine  
  132  9:37  Siege Tank  
  137  9:38  SCV  
  137  9:44  Marine x4  
  137  9:50  Marine  
  120  10:00  Medivac x2  
  120  10:01  Marine x2  
  120  10:02  Marine x2  
  120  10:03  Command Center  
  120  10:05  Terran Infantry Weapons Level 2  
  120  10:07  Barracks Reactor  
  128  10:08  Terran Infantry Armor Level 2  
  128  10:09  Siege Tank  
  128  10:11  Marine x3  
  128  10:14  Terran Vehicle Weapons Level 1  
  134  10:17  Refinery  
  134  10:19  Marine  
  133  10:22  Marine x2  
  133  10:23  Marine  
  136  10:29  Marine x3  
  121  10:37  Marine  
  121  10:40  Marine x3  
  121  10:41  Siege Tank  
  128  10:46  Marine  
  128  10:47  Marine x2  
  128  10:48  Factory  
  128  10:49  Marine  
  132  10:53  Medivac  
  132  10:54  Medivac  
  132  10:55  Marine, SCV x2  
  139  10:57  SCV  
  139  11:00  Marine x2  
  139  11:02  Marine x2  
  144  11:07  Marine, SCV  
  144  11:08  Marine  
  147  11:12  Marine x2  
  147  11:13  Marine  
  147  11:17  Marine  
  147  11:18  Marine  
  152  11:20  Marine x2  
  152  11:23  Medivac  
  152  11:25  Marine x2  
  153  11:27  SCV x3  
  158  11:35  Factory Tech Lab  
  158  11:39  SCV  
  159  11:42  Planetary Fortress  
  159  11:44  Missile Turret  
  159  11:45  Marauder  
  161  11:51  Starport x2  
  161  11:52  Barracks x2  
  161  11:53  Barracks  
  161  12:00  Liberator, SCV x2  
  161  12:01  Liberator  
  159  12:03  Refinery  
  159  12:04  Refinery  
  159  12:05  Marine, Sensor Tower  
  159  12:06  Marine x4  
  159  12:07  Marine  
  165  12:10  Marine  
  165  12:12  Siege Tank  
  165  12:15  Marine x2  
  176  12:23  Marine x2  
  176  12:24  Marine  
  176  12:25  Marine  
  176  12:28  Marine  
  151  12:30  SCV x2  
  151  12:31  SCV x2  
  151  12:32  Marine  
  151  12:33  Marine  
  152  12:42  SCV  
  152  12:43  SCV  
  154  12:45  Marauder, Marine x3  
  154  12:47  Starport Tech Lab, Starport Reactor  
  154  12:48  Marine x2  
  154  12:49  Marine  
  159  12:56  Missile Turret  
  154  13:04  Terran Infantry Weapons Level 3  
  154  13:06  Barracks Tech Lab x3  
  154  13:10  Terran Vehicle Weapons Level 2  
  153  13:19  Siege Tank x2  
  156  13:22  Terran Infantry Armor Level 3  
  156  13:27  Marauder, Fusion Core  
  156  13:30  SCV x2  
  156  13:31  Refinery, SCV  
  156  13:33  SCV  
  162  13:35  Liberator  
  162  13:38  Marauder, Liberator  
  162  13:39  Marauder x2  
  168  13:50  Marauder  
  168  13:52  Liberator x3, Command Center  
  169  14:04  Marauder  
  178  14:13  SCV x2  
  178  14:16  Supply Depot  
  180  14:17  Supply Depot  
  180  14:18  Liberator  
  180  14:26  Liberator  
  180  14:33  Marine, Marauder x2  
  180  14:35  Siege Tank, Marine, Marauder  
  180  14:36  Marauder  
  170  14:41  Marine x2  
  170  14:43  Marine  
  141  14:47  Marine  
  141  14:49  SCV x3  
  141  14:50  SCV  
  146  14:54  Marauder x2  
  146  14:56  Marauder  
  152  15:01  Siege Tank, SCV x3  
  158  15:08  SCV  
  158  15:13  SCV  
  160  15:15  Ghost Academy  
  160  15:16  Missile Turret  
  160  15:20  Viking x2  
  164  15:22  SCV x2  
  164  15:24  SCV  
  164  15:26  Terran Vehicle And Ship Armor Level 1  
  164  15:28  SCV  
  168  15:35  Siege Tank x2  
  173  15:40  Marauder  
  175  15:49  Marauder  
  142  15:54  SCV x2  
  142  15:55  Advanced Ballistics  
  141  15:58  Command Center  
  141  16:00  Viking  
  143  16:05  SCV  
  143  16:06  SCV  
  145  16:11  SCV  
  145  16:12  Sensor Tower  
  145  16:17  SCV  
  145  16:18  SCV  
  148  16:21  Marauder  
  151  16:25  SCV  
  151  16:29  SCV  
  151  16:30  SCV  
  151  16:31  Planetary Fortress  
  153  16:37  Marauder  
  155  16:41  Viking  
  155  16:42  SCV x2  
  155  16:43  SCV  
  159  16:51  Marauder x2, Marine x2  
  164  16:54  SCV x2  
  164  16:55  SCV  
  167  17:02  Viking x2  
  167  17:05  Marauder  
  167  17:06  SCV  
  158  17:11  Marauder, Marine  
  158  17:13  SCV  
  158  17:14  Marauder  
  131  17:15  Marine  
  131  17:17  SCV  
  121  17:25  SCV  
  123  17:30  SCV  
  123  17:31  Siege Tank  
  123  17:34  Siege Tank  
  130  17:40  SCV  
  130  17:42  SCV  
  127  17:52  SCV  
  127  17:56  Refinery  
Tags
 
Add a new tag
Caveats
  • Supply blocks, unpowered buildings, or Contaminate may cause inaccurate times.
  • Supply counts are checked every 10 seconds.